 Dungeon Crawl Stone Soup version 0.28.0-43-g3370ac3207 (webtiles) character file.

Game seed: 12105536717795529802

182 issech the Cudgeller (level 5, -4/53 HPs)
             Began as a Troll Monk on Mar 23, 2022.
             Succumbed to a kobold brigand's poison
             ... on level 3 of the Dungeon.
             The game lasted 00:05:42 (1963 turns).

issech the Cudgeller (Troll Monk)                   Turns: 1963, Time: 00:05:43

Health: -4/53      AC:  4    Str: 19    XL:     5   Next: 34%
Magic:  4/4        EV: 10    Int:  6    God:
Gold:   129        SH:  0    Dex: 14    Spells: 4/4 levels left

rFire   . . .      SeeInvis .   a - +0 mace
rCold   . . .      Faith    .   (no shield)
rNeg    . . .      Spirit   .   b - +0 robe
rPois   .          Reflect  .   (helmet restricted)
rElec   .          Harm     .   (no cloak)
rCorr   .          Rampage  .   (gloves unavailable)
Will    .....                   (boots unavailable)
Stlth   ++........              (no amulet)
HPRegen 0.97/turn               (no ring)
MPRegen 0.09/turn               (no ring)

@: lethally poisoned (-4 -> -32)
A: large, unfitting armour, claws 3, regeneration 1, shaggy fur 1, tough skin 1
a: no special abilities


You were on level 3 of the Dungeon.
You visited 1 branch of the dungeon, and saw 3 of its levels.

You collected 129 gold pieces.

Inventory:

Hand Weapons
 a - a +0 mace (weapon)
Missiles
 c - 119 stones (quivered)
 e - 18 arrows
 i - 2 poisoned darts
 j - 23 sling bullets
Armour
 b - a +0 robe (worn)
Jewellery
 l - an amulet of faith
Wands
 m - a wand of iceblast (12)
Scrolls
 f - a scroll of immolation {unknown}
 g - 2 scrolls of magic mapping {unknown}
 h - 3 scrolls of vulnerability {unknown}
 n - a scroll of identify {unknown}
 o - a scroll of amnesia {unknown}
 p - 2 scrolls of teleportation {unknown}
Potions
 d - a potion of attraction {unknown}
 k - a potion of heal wounds {unknown}


   Skills:
 + Level 3.2 Fighting
 + Level 4.1 Maces & Flails
 + Level 3.1 Dodging
 + Level 1.5 Stealth


You had 4 spell levels left.
You didn't know any spells.
Your spell library was empty.

Dungeon Overview and Level Annotations

Branches:
Dungeon (3/15)

Altars:
Qazlal


Innate Abilities, Weirdness & Mutations

You are too large for most types of armour.
You have claws for hands.
Your natural rate of healing is unusually fast.
You are covered in fur. (AC +1)
You have tough skin. (AC +1)


Message History

a +0 club; a goblin corpse The kobold brigand hits you with a +1 dagger of venom.
You hit the kobold brigand.
The kobold brigand is lightly wounded.
The kobold brigand hits you but does no damage.
You are poisoned.
You hit the kobold brigand.
The kobold brigand is moderately wounded.
You feel very sick. The kobold brigand misses you.
You hit the kobold brigand but do no damage.
The kobold brigand is moderately wounded.
You feel sick. The kobold brigand barely misses you.
You hit the kobold brigand.
The kobold brigand is moderately wounded.
You feel sick.
The kobold brigand hits you with a +1 dagger of venom.
You are more poisoned.
The kobold brigand hits you with a +1 dagger of venom.
You are more poisoned.
You hit the kobold brigand.
The kobold brigand is heavily wounded.
You feel very sick.
The kobold brigand hits you with a +1 dagger of venom.
You are more poisoned.
You hit the kobold brigand.
The kobold brigand is heavily wounded.
You feel extremely sick.
The kobold brigand hits you with a +1 dagger of venom.
You are lethally poisoned!
You sock the kobold brigand!
The kobold brigand is severely wounded.
* * * LOW HITPOINT WARNING * * *
You feel extremely sick.
The kobold brigand hits you with a +1 dagger of venom.
* * * LOW HITPOINT WARNING * * *
You are more poisoned.
You closely miss the kobold brigand.
The kobold brigand is severely wounded.
You die...

#.##########.# .............#
..#########..# ##### ..# #..#
...# ..####### #..# #.##
..#.....###..######. ####..######
..#.###............. ..#...)....#
..#.#######..######.##.#..♣♣♣....
..#...........).@...##.#.♣# #♣.#.
..#.#######...##.K.###.#.♣ ♣.#.
.........................♣# #♣.#.
#.†...........##...###....♣♣♣....
###..########.###.#......).......
#..########.# #....##.##.......
#............ ........########.
#..########...........#######..
#..# ##..............


You could see a kobold brigand.

Vanquished Creatures
  A scorpion (D:3)
  Jessica (D:2)
  Ijyb (D:3)
  An adder (D:3)
  A worm (D:2)
  3 dart slugs
  An orc (D:3)
  3 ball pythons
  A bat (D:2)
  5 endoplasms (D:3)
  2 giant cockroaches (D:1)
  8 goblins
  4 hobgoblins
  2 jackals (D:2)
  4 quokkas
  2 frilled lizards
  9 kobolds
  2 rats
51 creatures vanquished.

Notes
Turn   | Place    | Note
-------+----------+-------------------------------------------
     0 | D:1      | issech the Troll Monk began the quest for the Orb.
     0 | D:1      | Reached XP level 1. HP: 22/22 MP: 0/0
   171 | D:1      | Reached XP level 2. HP: 29/29 MP: 1/1
   558 | D:2      | Noticed Jessica
   574 | D:2      | Killed Jessica
   575 | D:2      | Reached skill level 3 in Maces & Flails
   575 | D:2      | Reached XP level 3. HP: 29/36 MP: 2/2
   991 | D:2      | You fall into a shaft and drop 1 floor!
  1000 | D:3      | Found a stormy altar of Qazlal.
  1035 | D:3      | Noticed Ijyb
  1050 | D:3      | Killed Ijyb
  1051 | D:3      | Reached XP level 4. HP: 39/45 MP: 3/3
  1574 | D:3      | Noticed a scorpion
  1610 | D:3      | Killed a scorpion
  1611 | D:3      | Reached skill level 4 in Maces & Flails
  1611 | D:3      | Reached XP level 5. HP: 26/53 MP: 4/4
  1963 | D:3      | Succumbed to a kobold brigand's poison

Illustrated notes

Levels and vault maps discovered:
D:1:      lightli_arrival_lavapool, layout_loops_ring, serial_bayou_pond_a
D:2:      layout_rooms, uniq_jessica
D:3:      cheibrodos_thug_alley, layout_loops_ring,
          nicolae_qazlal_scattered_showers, minmay_stone_trees_small,
          dk_noncrumbling_4, st_stairs_10, uniq_ijyb

Skill      XL: |  1  2  3  4 |
---------------+-------------+-----
Maces & Flails | 3 4 |  4.1
Fighting       | 3 |  3.2
Dodging        | 3 |  3.1
Stealth        | |  1.5

Action                   |  1- 3 |  4- 6 || total
-------------------------+-------+-------++-------
Melee: Mace              |   105 |    82 ||   187
       Punch             |       |     2 ||     2
 Stab: Sleeping          |     2 |     2 ||     4
Armor: Robe              |    37 |    32 ||    69
Dodge: Dodged            |    52 |    42 ||    94
